 Dungeon Crawl Stone Soup version 0.24.0-13-gcf9b319 (webtiles) character file.

Game seed: 13288781434359232823, levelgen mode: deterministic

155 Bronimir the Thaumaturge (level 5, -3/37 HPs)
             Began as a Gnoll Wanderer on Mar 5, 2020.
             Slain by an orc
             ... wielding a +0 trident
              (7 damage)
             ... on level 3 of the Dungeon.
             The game lasted 00:11:07 (3278 turns).

Bronimir the Thaumaturge (Gnoll Wanderer)           Turns: 3278, Time: 00:11:07

Health: -3/37      AC:  3    Str: 15    XL:     5   Next: 37%
Magic:  4/16       EV: 11    Int: 17    God:
Gold:   60         SH:  0    Dex: 12    Spells: 15/22 levels left

rFire    . . .     SeeInvis .   a - +0 dagger
rCold    . . .     Gourm    +   (no shield)
rNeg     . . .     Faith    .   l - +0 leather armour
rPois    .         Spirit   .   (no helmet)
rElec    .         Reflect  .   (no cloak)
rCorr    .         Harm     .   (no gloves)
MR       .....                  (no boots)
Stlth    +.........             s - amulet of the gourmand
HPRegen  0.12/turn              (no ring)
MPRegen  0.15/turn              (no ring)

@: no status effects
A: distributed training, fangs 1, strong nose
a: no special abilities


You were on level 3 of the Dungeon.
You were not hungry.

You visited 1 branch of the dungeon, and saw 3 of its levels.

You collected 60 gold pieces.

Inventory:

Hand Weapons
 a - a +0 dagger (weapon)
 n - a +0 club
 y - a +0 hand axe
Missiles
 j - 25 arrows
 m - 22 stones (quivered)
Armour
 d - a +0 robe
 l - a +0 leather armour (worn)
 x - a cursed +0 pair of boots
Jewellery
 s - an amulet of the gourmand (around neck)
 v - an uncursed ring of see invisible
 w - an uncursed ring of protection from magic
Wands
 r - a wand of iceblast (6)
Scrolls
 b - a scroll of remove curse {unknown}
 c - a scroll of identify {unknown}
 e - a scroll of enchant armour {unknown}
 g - 3 scrolls of teleportation {unknown}
 i - a scroll of enchant weapon {unknown}
 u - a scroll of immolation {unknown}
Potions
 h - 3 potions of brilliance {unknown}
 k - a potion of heal wounds {unknown}
 o - 2 potions of magic {unknown}
 p - a potion of degeneration {unknown}
 q - 3 potions of flight {unknown}
 t - a potion of haste {unknown}
Comestibles
 f - 5 rations


   Skills:
 + Level 1.4 Fighting
 + Level 1.4 Short Blades
 + Level 1.4 Long Blades
 + Level 1.4 Axes
 + Level 1.4 Maces & Flails
 + Level 1.4 Polearms
 + Level 1.4 Staves
 + Level 1.4 Slings
 + Level 1.4 Bows
 + Level 1.4 Crossbows
 + Level 2.9 Throwing
 + Level 1.4 Armour
 + Level 1.4 Dodging
 + Level 1.4 Stealth
 + Level 2.9 Shields
 + Level 1.4 Unarmed Combat
 + Level 9.4 Spellcasting
 + Level 1.1 Conjurations
 + Level 3.9 Hexes
 + Level 1.1 Charms
 + Level 1.1 Summonings
 + Level 1.1 Necromancy
 + Level 3.9 Translocations
 + Level 1.1 Transmutations
 + Level 1.1 Fire Magic
 + Level 1.1 Ice Magic
 + Level 1.1 Air Magic
 + Level 1.1 Earth Magic
 + Level 1.1 Poison Magic
 + Level 1.6 Invocations
 + Level 1.4 Evocations


You had 15 spell levels left.
You knew the following spells:

 Your Spells              Type           Power        Failure   Level  Hunger
a - Shock                 Conj/Air       ##..         7%          1    None
b - Corona                Hex            ###....      2%          1    None
c - Ensorcelled Hibernat  Hex/Ice        ###...       6%          2    None
d - Confuse               Hex            ###.....     7%          3    None

Your spell library contained the following spells:

 Spells                   Type           Power        Failure   Level  Hunger
 Apportation              Tloc           ###...       2%          1    None
 Portal Projectile        Hex/Tloc       ###...       7%          3    None
 Tukima's Dance           Hex            ###.....     7%          3    None
 Dazzling Spray           Conj/Hex       ###...       12%         3    None
 Static Discharge         Conj/Air       ##......     21%         3    None


Dungeon Overview and Level Annotations

Branches:
Dungeon (3/15)

Altars:


Innate Abilities, Weirdness & Mutations

Your experience applies equally to all skills.
You have very sharp teeth.
Your uncanny sense of smell can sniff out nearby items.


Message History

Confirm with . or Enter, or press ? or * to list all spells.
Aiming: Shock (safe; 7% risk of failure)
Press: ? - help, Shift-Dir - straight line, f/p - orc priest
Aim: an orc priest, wielding a +0 short sword (heavily wounded)
The zap misses the orc.
The zap hits the orc priest.
The orc priest is severely wounded.
The orc hits you from afar with a +0 trident!
* * * LOW HITPOINT WARNING * * *
The orc closely misses you.
Casting: Shock (safe; 7% risk of failure)
Confirm with . or Enter, or press ? or * to list all spells.
Aiming: Shock (safe; 7% risk of failure)
Press: ? - help, Shift-Dir - straight line, f/p - orc priest
Aim: an orc priest, wielding a +0 short sword (severely wounded)
The zap hits the orc.
You kill the orc!
The zap hits the orc priest.
The orc priest is almost dead.
The orc hits you from afar with a +0 trident!
You die...

# #.##.# #..... #.##.##.#
#...## ######## #.......#
#...# #......# ####.####
#...##
#......#######.#######.....
#......#...................
#......#.##................
.##.#.#.#†#.##.##.............
#......)...o)@....##^####.....
..#.##+##.#o##.##.##.# #...##
#..$......##.# #...#
.'.####.......# #...#
...#......####### #...#
#+##.###### ... #.# ###


You could see an orc priest and an orc.

Vanquished Creatures
  An orc priest (D:2)
  Terence (D:3)
  2 adders
  A gnoll (D:1)
  2 oozes
  A worm (D:2)
  5 dart slugs
  2 leopard geckos
  5 orcs
  3 giant cockroaches
  5 hobgoblins
  4 kobolds
  4 bats
  3 frilled lizards (D:2)
  6 goblins
  4 rats
49 creatures vanquished.

Notes
Turn   | Place    | Note
-------+----------+-------------------------------------------
     0 | D:1      | Reached skill level 9 in Spellcasting
     0 | D:1      | Bronimir the Gnoll Wanderer began the quest for the Orb.
     0 | D:1      | Bronimir set off with the following items: a +0 club, a +0
                  | robe, a ration; and the following spells available to
                  | memorise: Apportation, Corona, Ensorcelled Hibernation,
                  | Confuse, Portal Projectile, Tukima's Dance, Shock, Dazzling
                  | Spray, Static Discharge
     0 | D:1      | Reached XP level 1. HP: 13/13 MP: 10/10
     2 | D:1      | Learned a level 1 spell: Shock
     6 | D:1      | Learned a level 1 spell: Corona
   322 | D:1      | Reached XP level 2. HP: 17/19 MP: 6/12
   463 | D:1      | Learned a level 2 spell: Ensorcelled Hibernation
   476 | D:1      | Reached XP level 3. HP: 17/25 MP: 3/13
   528 | D:1      | Learned a level 3 spell: Confuse
  1013 | D:2      | Reached skill level 1 in Invocations
  1745 | D:2      | Reached skill level 1 in Fighting
  1745 | D:2      | Reached skill level 1 in Short Blades
  1745 | D:2      | Reached skill level 1 in Long Blades
  1745 | D:2      | Reached skill level 1 in Axes
  1745 | D:2      | Reached skill level 1 in Maces & Flails
  1745 | D:2      | Reached skill level 1 in Polearms
  1745 | D:2      | Reached skill level 1 in Staves
  1745 | D:2      | Reached skill level 1 in Slings
  1745 | D:2      | Reached skill level 1 in Bows
  1745 | D:2      | Reached skill level 1 in Crossbows
  1745 | D:2      | Reached skill level 1 in Armour
  1745 | D:2      | Reached skill level 1 in Dodging
  1745 | D:2      | Reached skill level 1 in Stealth
  1745 | D:2      | Reached skill level 1 in Unarmed Combat
  1745 | D:2      | Reached skill level 1 in Evocations
  1751 | D:2      | Reached XP level 4. HP: 25/32 MP: 9/15
  2018 | D:2      | Reached skill level 1 in Conjurations
  2018 | D:2      | Reached skill level 1 in Charms
  2018 | D:2      | Reached skill level 1 in Summonings
  2018 | D:2      | Reached skill level 1 in Necromancy
  2018 | D:2      | Reached skill level 1 in Transmutations
  2018 | D:2      | Reached skill level 1 in Fire Magic
  2018 | D:2      | Reached skill level 1 in Ice Magic
  2018 | D:2      | Reached skill level 1 in Air Magic
  2018 | D:2      | Reached skill level 1 in Earth Magic
  2018 | D:2      | Reached skill level 1 in Poison Magic
  2716 | D:3      | Noticed Terence
  2762 | D:3      | Killed Terence
  2762 | D:3      | Reached XP level 5. HP: 14/37 MP: 1/16
  3278 | D:3      | Slain by an orc

Levels and vault maps discovered:
D:1:      scummos_arrival_hexagon, layout_loops_ring
D:2:      layout_basic, first_ration
D:3:      layout_loops_cross, minmay_misc_feat_doors, uniq_terence

Skill      XL: |  1  2  3  4 |
---------------+-------------+-----
Spellcasting   | |  9.4
Invocations    | 1 |  1.6
Fighting       | 1 |  1.4
Short Blades   | 1 |  1.4
Long Blades    | 1 |  1.4
Axes           | 1 |  1.4
Maces & Flails | 1 |  1.4
Polearms       | 1 |  1.4
Staves         | 1 |  1.4
Slings         | 1 |  1.4
Bows           | 1 |  1.4
Crossbows      | 1 |  1.4
Armour         | 1 |  1.4
Dodging        | 1 |  1.4
Stealth        | 1 |  1.4
Unarmed Combat | 1 |  1.4
Evocations     | 1 |  1.4
Conjurations   | 1 |  1.1
Charms         | 1 |  1.1
Summonings     | 1 |  1.1
Necromancy     | 1 |  1.1
Transmutations | 1 |  1.1
Fire Magic     | 1 |  1.1
Ice Magic      | 1 |  1.1
Air Magic      | 1 |  1.1
Earth Magic    | 1 |  1.1
Poison Magic   | 1 |  1.1
Throwing       | |  2.9
Shields        | |  2.9
Hexes          | |  3.9
Translocations | |  3.9

Action                   |  1- 3 |  4- 6 || total
-------------------------+-------+-------++-------
Melee: Club              |    10 |       ||    10
       Bite              |     4 |     5 ||     9
       Dagger            |    46 |    58 ||   104
 Cast: Shock             |    52 |    31 ||    83
       Confuse           |       |     3 ||     3
       Ensorcelled Hiber |       |     6 ||     6
 Stab: Sleeping          |     1 |     3 ||     4
       Confused          |       |     1 ||     1
  Eat: Chunk             |     2 |     6 ||     8
       Ration            |       |     1 ||     1
Armor: Robe              |     2 |       ||     2
       Leather armour    |    12 |    17 ||    29
Dodge: Dodged            |    36 |    61 ||    97
